 Dungeon Crawl Stone Soup version 0.18.1-48-g4cf74bf (webtiles) character file.

748419 spiff the Ruinous (level 27, -14/152 (166) HPs)
             Began as a Deep Elf Fire Elementalist on June 29, 2016.
             Was the Champion of Vehumet.
             Killed from afar by a Hell Sentinel (44 damage)
             ... with damnation
             ... on level 3 of the Abyss on July 4, 2016.
             The game lasted 07:52:24 (103564 turns).

spiff the Ruinous (Deep Elf Fire Elementalist)    Turns: 103564, Time: 07:52:25

HP:   -14/152 (166) AC: 24    Str:  6    XL:     27
MP:   2/53          EV: 28    Int: 37    God:    Vehumet [******]
Gold: 8672          SH:  0    Dex: 10    Spells: 12 memorised, 13 levels left

rFire  + + +     SeeInvis .     W - +8 quarterstaff of the Shoals {drain, rPois MR+}
rCold  + + .     Gourm    .     I - +3 salamander hide armour {+Rage rF++}
rNeg   + + +     Faith    .     (shield currently unavailable)
rPois  ∞         Spirit   .     U - +4 hat of Upashuur {rF+ Regen+}
rElec  +         Dismiss  .     V - +2 cloak of Starlight {rElec rC+ EV+4 Stlth--}
rCorr  .         Reflect  .     J - +0 pair of gloves "Ettuixto" {rN+ Int+4 Dex-2}
SustAt +         Harm     .     (no boots)
MR     ++++.                    S - amulet of magic regeneration
Stlth  +.........               b - +3 ring of evasion
                                N - ring of sustain attributes

@: about to teleport, lich-form, delayed fireball, studying Slings, incredibly
resistant to hostile enchantments, very unstealthy
A: talons 1, rough black scales 1, clumsy 1, deterioration 1
a: End Transformation, Renounce Religion, Release Delayed Fireball
}: 5/15 runes: serpentine, barnacled, slimy, silver, golden


You were on level 3 of the Abyss.
You worshipped Vehumet.
Vehumet was exalted by your worship.
You were not hungry.
You were a lich.
You visited 14 branches of the dungeon, and saw 61 of its levels.
You visited the Abyss 4 times.
You also visited: Ice Cave and Wizlab.

You collected 10559 gold pieces.
You spent 1887 gold pieces at shops.

Inventory:

Hand Weapons
 W - the +8 quarterstaff of the Shoals (weapon) {drain, rPois MR+}
   (You found it on level 8 of the Dungeon)

   A truly terrible weapon, it drains the life of those it strikes.
   It protects you from poison.
   It affects your resistance to hostile enchantments.
Armour
 I - the +3 salamander hide armour (worn) {+Rage rF++}
   (You found it on level 6 of the Pits of Slime)

   It greatly protects you from fire.
   It lets you go berserk.
 J - the +0 pair of gloves "Ettuixto" (worn) {rN+ Int+4 Dex-2}
   (You found it on level 13 of the Dungeon)

   It affects your intelligence (+4).
   It affects your dexterity (-2).
   It protects you from negative energy.
 U - the +4 hat of Upashuur (worn) {rF+ Regen+}
   (You found it on level 2 of the Vaults)

   It protects you from fire.
   It increases your rate of regeneration.
 V - the +2 cloak of Starlight (worn) {rElec rC+ EV+4 Stlth--}
   (You found it in a wizard's laboratory)

   It affects your evasion (+4).
   It protects you from cold.
   It insulates you from electricity.
   It makes you much less stealthy.
 Y - the +8 chain mail of the Nine Beggars {*Contam +Inv Regen+ Dex+3}
   (You found it on level 3 of the Tomb of the Ancients)

   It affects your dexterity (+3).
   It lets you turn invisible.
   It causes magical contamination when unequipped.
   It increases your rate of regeneration.
Magical Staves
 z - an uncursed staff of energy
Jewellery
 b - a +3 ring of evasion (right hand)
 h - a +5 ring of intelligence
 t - an uncursed ring of protection from cold
 C - an uncursed amulet of regeneration
 D - the ring of Surprise {+Fly MP+9}
   (You found it on level 3 of the Crypt)

   [ring of magical power]

   It affects your magic capacity (+9).
   It lets you fly.
 F - an uncursed ring of see invisible
 N - a ring of sustain attributes (left hand)
 S - an amulet of magic regeneration (around neck)
Wands
 M - a wand of flame (19/48)
 R - a wand of acid (5/15)
Scrolls
 a - 2 scrolls of recharging
 f - 8 scrolls of identify
 i - 15 scrolls of teleportation
 n - 2 scrolls of amnesia
 p - 4 scrolls of fear
 q - 6 scrolls of blinking
 v - 9 scrolls of magic mapping
 A - 2 scrolls of summoning
 E - 3 scrolls of immolation
 G - 7 scrolls of fog
 Q - 11 scrolls of remove curse
Potions
 e - a potion of might
 k - 5 potions of agility
 l - 3 potions of resistance
 o - 25 potions of curing
 r - a potion of ambrosia
 u - 13 potions of brilliance
 w - a potion of invisibility
 x - 8 potions of cancellation
 B - 12 potions of heal wounds
Books
 d - a manual of Slings
 L - Kihogige's Disquisition on Darkness
   (You found it on level 3 of the Crypt)

   Spells                             Type                      Level
   a - Corpse Rot                     Necromancy                   2
   b - Control Undead                 Necromancy                   4
   c - Excruciating Wounds            Charms/Necromancy            5
   d - Bolt of Draining               Conjuration/Necromancy       5
   e - Agony                          Necromancy                   5
   f - Death's Door                   Charms/Necromancy            8
 Z - the Volume of Twisted Stones
   (You found it on level 3 of the Tomb of the Ancients)

   Spells                             Type                      Level
   a - Apportation                    Translocation                1
   b - Petrify                        Transmutation/Earth          4
   c - Bolt of Magma                  Conjuration/Fire/Earth       5
   d - Summon Forest                  Summoning/Translocation      5
Miscellaneous
 c - a sack of spiders
 s - a fan of gales
 y - a sack of spiders
 H - a figurine of a ziggurat
 K - a crystal ball of energy
 T - a crystal ball of energy
Comestibles
 g - 22 fruits
 j - 3 slices of pizza
 m - 4 beef jerkies
 O - a royal jelly
 P - 2 meat rations
 X - a bread ration


   Skills:
 - Level 15.3 Fighting
 + Level 10.1 Staves
 - Level 23.3 Dodging
 - Level 8.3 Stealth
 - Level 24.2 Spellcasting
 - Level 24.3 Conjurations
 - Level 11.4 Charms
 - Level 21.3 Necromancy
 - Level 14.7 Transmutations
 - Level 21.7 Fire Magic
 - Level 6.3 Air Magic
 - Level 11.0 Evocations


You had 13 spell levels left.
You knew the following spells:

 Your Spells              Type           Power        Failure   Level  Hunger
a - Cigotuvi's Embrace    Necr           ########..   0%          5    N/A
b - Blink                 Tloc           N/A          1%          2    N/A
c - Bolt of Fire          Conj/Fire      ########..   0%          6    N/A
d - Fireball              Conj/Fire      ########..   0%          5    N/A
e - Flame Tongue          Conj/Fire      #####        0%          1    N/A
f - Delayed Fireball      Conj/Fire      N/A          1%          7    N/A
g - Fire Storm            Conj/Fire      ########..   2%          9    N/A
h - Haste                 Chrm           #######.     1%          6    N/A
i - Deflect Missiles      Chrm/Air       #######...   3%          6    N/A
n - Necromutation         Trmt/Necr      ########..   3%          8    N/A
o - Orb of Destruction    Conj           ########..   1%          7    N/A
s - Sticky Flame          Conj/Fire      ########     0%          4    N/A

Dungeon Overview and Level Annotations

Branches:
Dungeon (15/15)            Temple (1/1) D:4            Lair (8/8) D:11
 Shoals (4/4) Lair:3        Snake (4/4) Lair:5        Slime (6/6) Lair:6
    Orc (2/2) D:10            Elf (3/3) Orc:2        Vaults (5/5) D:14
  Crypt (3/3) Vaults:3       Tomb (3/3) Crypt:3      Depths (5/5) D:15
   Hell (1/1)                 Zot (1/5) Depths:5
    Dis: Hell:1         Geh: Hell:1         Coc: Hell:1         Tar: Hell:1

Altars:
Ashenzari
Cheibriados
Dithmenos
Elyvilon
Fedhas
Gozag
Kikubaaqudgha
Makhleb
Nemelex Xobeh
Okawaru
Pakellas
Qazlal
Ru
Sif Muna
Trog
Vehumet
Xom
Yredelemnul
Zin
The Shining One
Beogh
Lugonu

Shops:
D:7 }   Orc:2 [[(:*   Elf:1 =   Elf:3 ?   Shoals:1 [   Shoals:3 (

Portals:
Hell: Depths:1 Depths:2 Depths:3 Depths:4 Depths:5
Abyss: Depths:2 Depths:3 Depths:4
Pandemonium: Depths:3 Depths:4 Depths:5
Ziggurat: Depths:2

Annotations:
D:6 Turgon's ghost, novice DsGl
D:9 asdu's ghost, novice NaBe
Orc:2 book necro, skin +4 rc+++
Elf:2 5 runed doors
Vaults:4 exclusion: door, Frederick


Innate Abilities, Weirdness & Mutations

You have sharp toenails.
You are partially covered in rough black scales (AC +4, Dex -1).
You are clumsy. (Dex -2)
Your body sometimes deteriorates upon taking damage.


Message History

* * * LOW HITPOINT WARNING * * *
Your body deteriorates!
You feel clumsy for a moment.
Casting: Orb of Destruction
Confirm with . or Enter, or press ? or * to list all spells.
Aiming: Orb of Destruction
Press: ? - help, Shift-Dir - straight line, f/p - Hell Sentinel
Aim: a Hell Sentinel (moderately wounded)
The rock wall explodes into countless fragments.
The Hell Sentinel completely misses you.
The Hell Sentinel hits you but does no damage.
The neqoxec gestures at you.
Something tries to feed on your intellect!
You can't drink.
Casting: Orb of Destruction
Confirm with . or Enter, or press ? or * to list all spells.
You blink.
The Hell Sentinel gestures at you.
The damnation unfurls!
The damnation engulfs you!
You die...

.. .. ## # .## #
#...# #5.# # ...
. .###### ..# ##.
..#..#..# #.# .
## #....##.
#..##.# .
#..#..#.#.....3.#
# $.#..###..#..#
#.. #.#.##L.##5#
## w.) .3##.#
#.#.3#..# > #
...# #..#.#### X
#
#.##..#1..#..#..
# ### .#..§.....#
. # #..###..... #
X . ##.# .##.#.
#..# .. .#= .#
#.. .# . .. ##


You could see a Hell Sentinel and a neqoxec.

Vanquished Creatures
  the Royal Jelly (Slime:6)
  Mara (Vaults:4)
  28 greater mummies
  An ancient lich (Vaults:5)
  Sojobo (Vaults:4)
  Vashnia (Snake:4)
  A caustic shrike (Depths:3)
  Geryon (Hell)
  3 golden dragons
  Jory (Vaults:3)
  A pearl dragon (Depths:5)
  A bone dragon (Depths:5)
  Xtahua (Depths:4)
  5 liches
  Jorgrun (Vaults:4)
  3 tentacled monstrosities (Vaults:5)
  A hellephant (Abyss:3)
  An Ice Fiend (IceCv)
  2 quicksilver dragons
  3 deep elf blademasters (Elf:3)
  A kraken (Shoals:2)
  Frances (Elf:1)
  27 acid blobs
  Polyphemus (Shoals:2)
  2 titans
  An eldritch tentacle (WizLab)
  11 tentacled starspawn
  8 ancient champions
  4 shadow dragons
  12 sphinxes
  A thorn hunter (Abyss:3)
  10 tengu reavers
  2 storm dragons
  Roxanne (Snake:2)
  12 greater nagas
  Kirke (Shoals:1)
  Ilsuiw (Shoals:4)
  6 frost giants
  Wiglaf (Snake:4)
  18 azure jellies
  4 revenants
  Donald (Snake:1)
  11 fire giants
  A balrug (Depths:5)
  A draconian zealot (Depths:5)
  A fire giant (shapeshifter) (Vaults:5)
  10 vault wardens
  A draconian knight (Zot:1)
  9 deep elf sorcerers
  2 orc warlords
  Aizul (Snake:2)
  18 ironheart preservers
  A ghoul (Crypt:2)
  2 iron dragons (Vaults:5)
  4 curse skulls
  7 deep elf elementalists
  13 very ugly things
  A draconian annihilator (Depths:5)
  5 reapers
  A spriggan defender (Depths:5)
  A caustic shrike skeleton (Crypt:1)
  A war gargoyle (Vaults:4)
  8 vampire knights
  2 ophanim
  A draconian caller (Depths:5)
  The ghost of Wardy the Warrior, a journeyman MiFi of Makhleb (D:13)
  17 stone giants
  A black draconian (Zot:1)
  2 green draconians (Depths:5)
  An apis (Depths:5)
  A purple draconian (Depths:5)
  Azrael (Orc:2)
  2 spectral titans (Crypt:3)
  2 salamander stormcallers
  13 deep elf annihilators
  18 deep elf death magi
  2 yellow draconians
  A white draconian (Depths:5)
  6 deep elf demonologists
  A red draconian (Depths:5)
  A blizzard demon (Hell)
  10 eidola
  14 spark wasps
  7 merfolk javelineers (Shoals:4)
  21 mummy priests
  A spectral quicksilver dragon (Crypt:3)
  A spectral golden dragon (Crypt:3)
  12 ettins
  8 death oozes
  12 deep elf high priests
  12 fire dragons
  7 merfolk impalers
  12 yaktaur captains
  15 great orbs of eyes
  A quicksilver dragon skeleton (Crypt:1)
  6 jiangshi
  32 vault guards
  The ghost of Coyotero the Nimble, a journeyman DrFi of Makhleb (Orc:1)
  5 entropy weavers
  4 rakshasas
  12 naga warriors
  A hell beast (Elf:1)
  6 spriggan air magi
  A spectral stone giant (Crypt:3)
  8 ice dragons
  2 spectral fire giants (Crypt:3)
  5 death knights
  A catoblepas (Shoals:2)
  27 anacondas
  2 merfolk aquamancers (Shoals:4)
  12 centaur warriors
  10 ogre magi
  17 hydras
  7 merfolk avatars
  4 alligator snapping turtles
  Erolcha (D:9)
  A satyr (Shoals:4)
  4 tengu warriors
  11 death yaks
  14 deep troll shamans
  5 vampire magi
  19 naga sharpshooters
  11 deep troll earth magi
  4 shock serpents
  3 spectral storm dragons (Crypt:3)
  15 dancing weapons
  10 thrashing horrors
  Urug (Lair:1)
  2 orc high priests
  5 sun demons
  12 deep elf knights
  5 spriggan berserkers
  7 spriggans (Depths:5)
  9 wretched stars
  9 hell knights
  6 soul eaters
  9 shadow wraiths
  10 iron trolls
  A storm dragon skeleton (Crypt:2)
  2 spatial maelstroms
  7 death scarabs
  14 sea snakes
  4 salamander mystics
  17 small abominations
  4 unseen horrors
  8 giant orange brains
  38 skeletal warriors
  A gelid demonspawn (Depths:3)
  19 deep elf archers
  A shadow demon (WizLab)
  An unseen horror (shapeshifter) (Vaults:1)
  8 flayed ghosts
  8 naga ritualists
  An infernal demonspawn (Depths:5)
  12 ironbrand convokers
  19 anubis guards
  45 deep trolls
  2 obsidian statues
  A spectral minotaur (Crypt:3)
  A sphinx zombie (Crypt:2)
  A golden dragon skeleton (Crypt:1)
  A hill giant (shapeshifter) (Vaults:4)
  14 phantasmal warriors
  18 orc knights
  Pikel (D:6)
  6 hill giants
  5 wizards
  3 wolf spider zombies
  45 ugly things
  5 wolf spiders
  17 harpies
  9 mana vipers
  3 orb spiders (shapeshifter)
  18 griffons
  12 necromancers
  A hornet (shapeshifter) (Depths:1)
  13 salamanders
  2 salamanders (shapeshifter)
  6 orc sorcerers
  4 human zombies
  58 deep elf magi
  5 oklob plants
  2 sixfirhies
  17 manticores
  A stone giant zombie (Vaults:2)
  4 hornets
  11 cyclopes
  An iron dragon zombie (Tomb:3)
  6 worldbinders
  8 shining eyes
  A hell hog skeleton (Crypt:1)
  8 sirens
  A fire giant skeleton (Vaults:4)
  9 fauns
  2 ice statues (IceCv)
  An iron dragon skeleton (Tomb:1)
  18 elephants
  Maurice (Orc:2)
  A frost giant skeleton (Tomb:2)
  Joseph (D:9)
  4 centaur zombies
  64 black mambas
  A stone giant skeleton (Vaults:2)
  27 naga magi
  13 vault sentinels
  A rust devil (Depths:2)
  A toenail golem (Abyss:2)
  A black mamba (shapeshifter) (D:11)
  11 guardian serpents
  25 spiny frogs
  An elephant slug zombie (Crypt:2)
  A titan simulacrum (Crypt:3)
  4 orange demons
  2 apocalypse crabs
  4 smoke demons
  8 water nymphs
  3 eyes of devastation (Slime:5)
  5 gargoyles
  31 freezing wraiths
  7 efreet
  2 torpor snails
  A rime drake (Elf:1)
  42 yaktaurs
  2 hellions
  17 ice devils
  12 komodo dragons
  2 demonic crawlers
  5 trolls
  9 ancient zymes
  51 guardian mummies
  2 tengu conjurers (D:13)
  An iron troll skeleton (Crypt:3)
  A red draconian skeleton (Crypt:1)
  A tormentor (Depths:5)
  A minotaur zombie (Crypt:3)
  8 hellwings
  4 jumping spiders
  A yaktaur skeleton (Vaults:2)
  2 spectral harpies (Crypt:3)
  21 merfolk
  A red devil (Depths:3)
  A merfolk (shapeshifter) (Vaults:1)
  A wolf spider simulacrum (Vaults:1)
  An ice dragon zombie (Crypt:1)
  20 two-headed ogres
  10 polar bears
  11 snapping turtles
  21 raiju
  A two-headed ogre (shapeshifter) (Vaults:2)
  25 ushabtiu
  6 boulder beetles
  27 blink frogs
  2 harpy skeletons
  127 slime creatures
  2 stone giant simulacra
  A hornet zombie (D:14)
  2 frost giant simulacra
  An ettin zombie (Crypt:2)
  15 air elementals
  34 flying skulls
  An ettin skeleton (Vaults:2)
  An iron dragon simulacrum (Crypt:2)
  A hill giant zombie (Crypt:3)
  2 shadows
  A centaur simulacrum (D:15)
  An orc simulacrum (Vaults:2)
  An ice dragon skeleton (Tomb:2)
  5 ynoxinuls
  18 redbacks
  A tarantella (shapeshifter) (Abyss:3)
  18 water elementals
  77 yaks
  15 wraiths
  4 chaos spawn
  2 hogs (shapeshifter)
  3 tarantellas
  3 vampires
  A hog (Shoals:1)
  3 wyverns
  4 fire elementals
  2 hungry ghosts
  21 humans (D:14)
  17 large abominations
  A human simulacrum (Vaults:4)
  7 neqoxecs
  23 vampire mosquitoes
  9 spatial vortices
  10 basilisks
  2 steam dragons (Lair:8)
  19 hippogriffs
  An insubstantial wisp (WizLab)
  16 wargs
  2 harpy simulacra (Crypt:3)
  52 nagas
  9 mottled dragons
  A minotaur simulacrum (Tomb:2)
  3 soldier ants
  14 hell hounds
  15 water moccasins
  2 spectral snapping turtles (Crypt:3)
  A giant eyeball (Depths:3)
  14 porcupines
  16 black bears
  8 sky beasts
  A spectral spriggan (Crypt:3)
  A necrophage (D:12)
  A lindwurm zombie (Crypt:3)
  2 manticore zombies
  64 orc warriors
  4 phantoms
  11 ice beasts
  A swamp drake (Lair:8)
  8 eyes of draining
  7 wasps (Depths:5)
  25 wolves
  40 ogres
  11 boggarts
  43 centaurs
  21 crocodiles
  2 elf simulacra
  2 komodo dragon zombies (Crypt:2)
  A spectral human (Crypt:3)
  A big kobold (D:11)
  A giant frog (shapeshifter) (Depths:2)
  24 giant frogs
  2 earth elementals
  2 gnoll sergeants
  A human skeleton (WizLab)
  3 wyvern skeletons
  A water moccasin skeleton (D:11)
  4 scorpions
  13 wights
  A manticore simulacrum (Tomb:2)
  2 electric eels (Lair:4)
  12 howler monkeys
  32 jellies
  5 crimson imps
  2 giant frog zombies
  6 quasits
  26 starcursed masses
  4 giant frog skeletons
  41 orc wizards
  35 orc priests
  18 hounds
  6 centaur skeletons
  6 iron imps
  9 iguanas
  A black bear skeleton (Crypt:1)
  13 worker ants
  39 sheep
  A big kobold zombie (Crypt:3)
  A naga zombie (Crypt:1)
  A hound skeleton (D:4)
  52 mummies
  A hell rat zombie (Crypt:3)
  A howler monkey zombie (D:11)
  3 worker ant zombies
  9 gnolls
  An ogre simulacrum (Crypt:3)
  28 adders
  123 river rats
  10 shadow imps
  10 white imps
  12 ufetubi
  2 oozes (D:2)
  An adder skeleton (D:4)
  An iguana skeleton (Crypt:3)
  4 worms
  2 dart slugs
  8 giant geckos
  115 orcs
  4 ball pythons
  A bat zombie (Crypt:3)
  5 giant cockroaches
  9 goblins
  7 hobgoblins
  17 jackals
  9 kobolds
  4 quokkas
  A ball python skeleton (D:4)
  A ball python zombie (Crypt:1)
  13 bats
  A giant gecko skeleton (D:5)
  5 giant newts
  A jackal skeleton (Crypt:2)
  An orc zombie (Tomb:1)
  8 rats
  A rat zombie (Crypt:3)
  2 fire vortices
  6 fungi
  6 lost souls
  3 lurking horrors
  35 plants
  5 starspawn tentacles (Abyss:1)
3600 creatures vanquished.

Vanquished Creatures (collateral kills)
  3 greater mummies
  A lich (Vaults:5)
  A titan (Vaults:5)
  2 acid blobs (Slime:1)
  A vault warden (Vaults:5)
  An ironheart preserver (Vaults:4)
  A yellow draconian (Zot:1)
  A mummy priest (Tomb:1)
  A yaktaur captain (Vaults:4)
  A jiangshi (Depths:1)
  A death scarab (Tomb:2)
  An ugly thing (Vaults:2)
  A vault sentinel (Vaults:5)
  A black mamba (Snake:4)
  A freezing wraith (Hell)
  3 slime creatures
  An ice dragon zombie (Hell)
  A giant eyeball (Slime:5)
  A wolf skeleton (Crypt:2)
  4 mummies
  A lurking horror (Abyss:1)
  A starspawn tentacle (Abyss:1)
30 creatures vanquished.

Vanquished Creatures (others)
  An ettin (Tomb:2)
  37 death scarabs
  A guardian mummy (Tomb:2)
  21 flying skulls
  An ice dragon skeleton (Tomb:3)
  A redback (shapeshifter) (Abyss:3)
  A wyvern (D:5)
  A chaos spawn (Abyss:3)
  A spatial vortex (Abyss:3)
  A small abomination (Abyss:2)
  A snapping turtle simulacrum (Tomb:2)
  5 mummies
  A river rat (Lair:7)
  3 white imps (IceCv)
  3 ufetubi (IceCv)
  A giant newt (D:6)
  2 briar patches (Abyss:3)
  686 eldritch tentacle segments (WizLab)
  409 fire vortices
  61 fungi
  4 lost souls
  2 lurking horrors
  55 plants
  21 starspawn tentacles
  211 starspawn tentacle segments
1531 creatures vanquished.

Grand Total: 5161 creatures vanquished

Notes
Turn   | Place    | Note
--------------------------------------------------------------
     0 | D:1      | spiff the Deep Elf Fire Elementalist began the quest for the Orb.
     0 | D:1      | Reached XP level 1. HP: 10/10 MP: 6/6
   154 | D:1      | Reached XP level 2. HP: 15/15 MP: 0/8
   683 | D:1      | Reached XP level 3. HP: 16/19 MP: 6/9
   722 | D:1      | Learned a level 3 spell: Conjure Flame
  1274 | D:2      | Reached XP level 4. HP: 22/24 MP: 3/10
  1366 | D:2      | Learned a level 4 spell: Sticky Flame
  2149 | D:3      | Reached XP level 5. HP: 26/28 MP: 9/11
  2293 | D:3      | Found a sparkling altar of Nemelex Xobeh.
  2532 | D:3      | Found a sparkling altar of Nemelex Xobeh.
  2894 | D:4      | Found a staircase to the Ecumenical Temple.
  2904 | Temple   | Entered the Ecumenical Temple
  2963 | D:4      | Reached skill level 5 in Fire Magic
  2995 | D:4      | Found a shattered altar of Ashenzari.
  2996 | D:4      | Found an oddly glowing altar of Pakellas.
  3253 | D:4      | Found Nigaah's Antique Armour Emporium.
  3271 | D:4      | Reached XP level 6. HP: 32/32 MP: 8/12
  3338 | D:4      | Reached skill level 5 in Conjurations
  4355 | D:5      | Entered Level 5 of the Dungeon
  4620 | D:5      | Reached XP level 7. HP: 18/36 MP: 5/14
  4772 | D:5      | Learned a level 5 spell: Fireball
  5039 | D:5      | Reached skill level 5 in Spellcasting
  5206 | D:5      | Found a shadowy altar of Dithmenos.
  5365 | D:5      | Reached skill level 5 in Dodging
  5581 | D:5      | Reached XP level 8. HP: 41/41 MP: 11/19
  5910 | D:5      | Found an oddly glowing altar of Pakellas.
  5910 | D:5      | Noticed an orange crystal statue
  6812 | D:6      | Noticed Turgon's ghost (novice DsGl)
  6874 | D:6      | Noticed Pikel
  6899 | D:6      | Killed Pikel
  6899 | D:6      | Reached skill level 10 in Dodging
  6899 | D:6      | Reached XP level 9. HP: 42/45 MP: 13/20
  7037 | D:6      | Learned a level 5 spell: Iskenderun's Battlesphere
  7590 | D:7      | Reached skill level 1 in Charms
  7922 | D:7      | Found a shimmering altar of Xom.
  8273 | D:6      | Reached skill level 5 in Charms
  8515 | D:7      | Found Vamepro's Gadget Boutique.
  9545 | D:8      | Reached XP level 10. HP: 50/50 MP: 9/21
  9812 | D:8      | Got a crude quarterstaff
  9818 | D:8      | Identified the +8 quarterstaff of the Shoals {drain, rPois MR+} (You found it on level 8 of the Dungeon)
 10063 | D:8      | Found a stormy altar of Qazlal.
 10603 | D:8      | Found a snail-covered altar of Cheibriados.
 10604 | D:8      | Found a radiant altar of Vehumet.
 10608 | D:8      | Became a worshipper of Vehumet
 10611 | D:8      | Found an opulent altar of Gozag.
 10611 | D:8      | Found a deep blue altar of Sif Muna.
 10611 | D:8      | Found a sacrificial altar of Ru.
 10613 | D:8      | Found an iron altar of Okawaru.
 10616 | D:8      | Found a basalt altar of Yredelemnul.
 11123 | D:9      | Noticed Joseph
 11405 | D:9      | Found a blossoming altar of Fedhas.
 11467 | D:9      | Noticed Erolcha
 11473 | D:9      | Killed Erolcha
 11650 | D:9      | Noticed asdu's ghost (novice NaBe)
 11719 | D:8      | Reached skill level 10 in Charms
 12040 | D:10     | Entered Level 10 of the Dungeon
 12401 | D:10     | Found a staircase to the Orcish Mines.
 12676 | D:9      | Killed Joseph
 13025 | D:10     | Noticed a hill giant
 13045 | D:10     | Killed a hill giant
 13045 | D:10     | Reached XP level 11. HP: 54/54 MP: 3/22
 13781 | D:9      | Reached * piety under Vehumet
 13781 | D:9      | Offered knowledge of Shock by Vehumet.
 14195 | D:11     | Reached skill level 10 in Fire Magic
 14584 | D:11     | Reached skill level 10 in Conjurations
 14743 | D:11     | Found a staircase to the Lair.
 14801 | D:11     | Noticed an orc knight
 14802 | D:11     | Reached ** piety under Vehumet
 14834 | D:11     | Killed an orc knight
 15166 | D:11     | Offered knowledge of Freeze by Vehumet.
 16052 | D:12     | Offered knowledge of Ignite Poison by Vehumet.
 16424 | D:12     | Reached *** piety under Vehumet
 16671 | Lair:1   | Entered Level 1 of the Lair of Beasts
 16728 | Lair:1   | Noticed a six-headed hydra
 16902 | D:11     | HP: 2/54 [yak (7)]
 17546 | D:11     | Killed a six-headed hydra
 17831 | Lair:1   | Reached XP level 12. HP: 59/59 MP: 14/27
 17834 | Lair:1   | Offered knowledge of Force Lance by Vehumet.
 17834 | Lair:1   | Reached skill level 10 in Spellcasting
 18138 | Lair:1   | Noticed Urug
 18142 | Lair:1   | Killed Urug
 18777 | Lair:1   | Noticed a four-headed hydra
 18782 | Lair:1   | Killed a four-headed hydra
 19053 | Lair:2   | Reached skill level 1 in Fighting
 19063 | Lair:2   | Reached **** piety under Vehumet
 19331 | Lair:2   | Offered knowledge of Irradiate by Vehumet.
 19423 | Lair:2   | Identified the Collected Works on the Entourage and Transformation
 19773 | Lair:2   | Reached ***** piety under Vehumet
 19773 | Lair:2   | Offered knowledge of Ozocubu's Refrigeration by Vehumet.
 20302 | Lair:2   | Reached skill level 5 in Fighting
 21513 | Lair:3   | Reached XP level 13. HP: 73/76 MP: 28/31
 21651 | Lair:3   | Found a staircase to the Shoals.
 22363 | Lair:4   | Reached skill level 5 in Stealth
 22502 | Lair:4   | Offered knowledge of Delayed Fireball by Vehumet.
 22562 | Lair:4   | Learned a level 7 spell: Delayed Fireball
 24055 | Lair:4   | Got a bloodstained hand axe
 24056 | Lair:4   | Identified the cursed +1 hand axe of Wyrd {chop, rC+} (You found it on level 4 of the Lair of Beasts)
 24651 | Lair:5   | Got a heavily runed leather armour
 24805 | Lair:5   | Identified the cursed +1 leather armour of Xom's Castigation {Regen+} (You found it on level 5 of the Lair of Beasts)
 25389 | Lair:5   | Found a staircase to the Snake Pit.
 26240 | Lair:6   | Found a staircase to the Slime Pits.
 26837 | Lair:7   | Reached skill level 15 in Spellcasting
 27720 | Lair:7   | Reached XP level 14. HP: 82/82 MP: 21/35
 28298 | Lair:7   | Reached ****** piety under Vehumet
 28660 | Lair:7   | Offered knowledge of Bolt of Fire by Vehumet.
 28788 | Lair:7   | Learned a level 6 spell: Bolt of Fire
 29209 | Lair:8   | Entered Level 8 of the Lair of Beasts
 31495 | Lair:8   | Offered knowledge of Lightning Bolt by Vehumet.
 31588 | Lair:8   | Got a polished cloak
 31641 | Lair:8   | Reached XP level 15. HP: 86/86 MP: 24/36
 32089 | Lair:8   | Got a distressingly furry robe
 32102 | Lair:8   | Identified the +2 robe of Polytheism {rPois Int-4 Dex+5} (You found it on level 8 of the Lair of Beasts)
 32122 | Lair:8   | Identified the -3 cloak of Kenwuph {rElec MR- Int+8 Stlth+} (You found it on level 8 of the Lair of Beasts)
 32582 | Lair:2   | Learned a level 7 spell: Orb of Destruction
 32800 | Lair:8   | Reached skill level 15 in Conjurations
 33380 | Orc:1    | Entered Level 1 of the Orcish Mines
 33494 | Orc:1    | Found a roughly hewn altar of Beogh.
 33494 | Orc:1    | Noticed Coyotero's ghost (journeyman DrFi)
 33518 | Orc:1    | Killed Coyotero's ghost
 33759 | Orc:2    | Entered Level 2 of the Orcish Mines
 33843 | Orc:2    | Offered knowledge of Poison Arrow by Vehumet.
 33899 | Orc:2    | Found a staircase to the Elven Halls.
 34319 | Orc:2    | Noticed Azrael
 34555 | Orc:2    | Killed Azrael
 34890 | Orc:2    | Noticed an orc warlord
 34892 | Orc:2    | Noticed Maurice
 34897 | Orc:2    | Killed Maurice
 34984 | Orc:2    | Killed an orc warlord
 34996 | Orc:2    | Found a roughly hewn altar of Beogh.
 35085 | Orc:2    | Offered knowledge of Bolt of Cold by Vehumet.
 35214 | Orc:2    | Found Jillag's Antique Armour Shoppe.
 35220 | Orc:2    | Found Igiel's Antique Weapon Shoppe.
 35229 | Orc:2    | Found Gacrur's Book Shoppe.
 35412 | Orc:2    | Found Arghi's Antique Armour Shop.
 35460 | Orc:2    | Found Besk's General Store.
 35671 | Orc:2    | Bought an embroidered cloak for 121 gold pieces
 36091 | D:12     | Identified the Collected Works on Augmentations and Stolen Souls
 36712 | D:12     | Reached skill level 15 in Fire Magic
 36787 | D:13     | Noticed Wardy's ghost (journeyman MiFi)
 37559 | D:13     | Killed Wardy's ghost
 37618 | D:13     | Got a pair of faintly humming gloves
 37629 | D:13     | Identified the +0 pair of gloves "Ettuixto" {rN+ Int+4 Dex-2} (You found it on level 13 of the Dungeon)
 37784 | D:13     | Offered knowledge of Freezing Cloud by Vehumet.
 38387 | D:14     | Reached XP level 16. HP: 92/92 MP: 2/37
 38741 | D:14     | Found a gate to the Vaults.
 39039 | D:14     | Got a transparent cloak
 39050 | D:14     | Identified the +2 cloak of Qogimoakk {Int+3 SInv Stlth+} (You found it on level 14 of the Dungeon)
 39481 | D:15     | Entered Level 15 of the Dungeon
 39832 | D:15     | Found a staircase to the Depths.
 40311 | D:15     | Reached skill level 15 in Dodging
 41182 | Lair:2   | Learned a level 6 spell: Haste
 41310 | Snake:1  | Entered Level 1 of the Snake Pit
 41554 | Snake:1  | Noticed Donald
 41566 | Snake:1  | Killed Donald
 43339 | Snake:2  | Got a jewelled morningstar
 43340 | Snake:2  | Identified the +9 morningstar of Spite {flame, rN+ Dex+2} (You found it on level 2 of the Snake Pit)
 43467 | Snake:2  | Noticed Aizul
 43474 | Snake:2  | Killed Aizul
 43474 | Snake:2  | Reached XP level 17. HP: 100/100 MP: 11/38
 43832 | Snake:2  | Noticed Roxanne
 43849 | Snake:2  | Killed Roxanne
 43851 | Snake:2  | Identified Roxanne's Papyrus of Stones (You took it off Roxanne on level 2 of the Snake Pit)
 44082 | Snake:2  | Reached skill level 10 in Fighting
 45926 | Snake:4  | Entered Level 4 of the Snake Pit
 46225 | Snake:4  | Offered knowledge of Fire Storm by Vehumet.
 46225 | Snake:4  | Offered knowledge of Glaciate by Vehumet.
 46225 | Snake:4  | Offered knowledge of Chain Lightning by Vehumet.
 46289 | Snake:4  | Learned a level 9 spell: Fire Storm
 46461 | Snake:4  | Noticed Vashnia
 46917 | Shoals:1 | Entered Level 1 of the Shoals
 47369 | Elf:1    | Entered Level 1 of the Elven Halls
 47481 | Elf:1    | Noticed Frances
 47490 | Elf:1    | Killed Frances
 47670 | Elf:1    | Found Rudinkur's Jewellery Shop.
 47996 | Elf:1    | You fall through a shaft!
 48059 | Elf:2    | Reached XP level 18. HP: 112/112 MP: 12/39
 48103 | Elf:2    | Found a frozen archway.
 48109 | IceCv    | Entered an ice cave
 48554 | IceCv    | Noticed an Ice Fiend
 48684 | IceCv    | Killed an Ice Fiend
 49204 | IceCv    | Gained mutation: You have sharp toenails. [potion of beneficial mutation]
 50963 | Elf:2    | Found a huge runed gate.
 50963 | Elf:2    | Found a huge runed gate.
 50964 | Elf:2    | Found a huge runed gate.
 50965 | Elf:2    | Found a huge runed gate.
 50996 | Elf:2    | Found a huge runed gate.
 52157 | Snake:4  | Killed Vashnia
 52207 | Snake:4  | Noticed Wiglaf
 52209 | Snake:4  | Killed Wiglaf
 52322 | Snake:4  | Found a runed gate.
 52323 | Snake:4  | Found a runed gate.
 52324 | Snake:4  | Found a runed gate.
 52742 | Snake:4  | Reached XP level 19. HP: 100/116 MP: 15/40
 53078 | Snake:4  | Gained mutation: Your body sometimes deteriorates upon taking damage. [mutagenic glow]
 54348 | Snake:4  | Got a serpentine rune of Zot
 54949 | Vaults:1 | Entered Level 1 of the Vaults
 56251 | Vaults:1 | Noticed a lich
 56257 | Vaults:1 | Killed a lich
 56257 | Vaults:1 | Reached XP level 20. HP: 122/122 MP: 35/41
 57307 | Vaults:2 | Got a pair of ichor-stained boots
 57310 | Vaults:2 | Identified the cursed +0 pair of boots "Wagin" {rElec rF- rCorr Dex+4} (You found it on level 2 of the Vaults)
 57556 | Vaults:2 | Identified a +2 rod of inaccuracy (13/13) (You found it on level 1 of the Snake Pit)
 57558 | Vaults:2 | Gained mutation: You are partially covered in rough black scales (AC +4, Dex -1). [potion of beneficial mutation]
 58282 | Vaults:2 | Got a jewelled hat
 58293 | Vaults:2 | Identified the +4 hat of Upashuur {rF+ Regen+} (You found it on level 2 of the Vaults)
 58973 | Vaults:3 | Noticed Jory
 58978 | Vaults:3 | Killed Jory
 59885 | Vaults:3 | Found a staircase to the Crypt.
 60297 | Vaults:4 | Noticed Sojobo
 60309 | Vaults:4 | Killed Sojobo
 60309 | Vaults:4 | Reached XP level 21. HP: 113/127 MP: 13/44
 60450 | Vaults:4 | Noticed Mara
 60453 | Vaults:4 | Noticed spiff's illusion
 60456 | Vaults:4 | Killed Mara
 60867 | Vaults:4 | Noticed Jorgrun
 60869 | Vaults:4 | Killed Jorgrun
 61238 | Vaults:4 | Noticed Frederick
 61600 | D:11     | Learned a level 5 spell: Cigotuvi's Embrace
 61735 | Elf:3    | Entered Level 3 of the Elven Halls
 61751 | Elf:3    | Reached skill level 1 in Necromancy
 62324 | Elf:3    | Found Rifuq's Magic Scroll Emporium.
 62376 | Elf:3    | Reached skill level 5 in Necromancy
 62940 | Elf:3    | Reached skill level 10 in Necromancy
 63220 | Elf:3    | Got a slimy whip {drain}
 63221 | Elf:3    | Identified the +3 whip "Ogrebane" {drain, +Rage rC+ Dex-5 Stlth+} (You took it off a deep elf death mage on level 3 of the Elven Halls)
 63656 | Orc:2    | Bought a Necronomicon for 1766 gold pieces
 63826 | Elf:3    | Got a scorched turquoise ring
 63828 | Elf:3    | Identified the ring "Ifrag" {MP-9 Str+4 Int+5} (You took it off a deep elf annihilator on level 3 of the Elven Halls)
 63913 | Elf:3    | Identified the Grimoire of the Twelve Hells
 63937 | Elf:3    | Reached XP level 22. HP: 105/132 MP: 38/47
 63977 | Elf:3    | Learned a level 6 spell: Deflect Missiles
 63995 | Elf:3    | Reached skill level 1 in Air Magic
 64405 | Shoals:1 | Found Wirewiq's Armour Boutique.
 64433 | Shoals:1 | Noticed Kirke
 64435 | Shoals:1 | Killed Kirke
 65229 | Shoals:2 | Reached skill level 5 in Air Magic
 65267 | Shoals:2 | Noticed Polyphemus
 65272 | Shoals:2 | Killed Polyphemus
 65478 | Shoals:2 | Found a shadowy altar of Dithmenos.
 66105 | Shoals:3 | Found Puar's Antique Weapon Shoppe.
 66789 | Shoals:4 | Entered Level 4 of the Shoals
 67412 | Shoals:4 | Reached skill level 15 in Necromancy
 67670 | Shoals:4 | Noticed Ilsuiw
 67681 | Shoals:4 | Killed Ilsuiw
 67951 | Shoals:4 | Got a barnacled rune of Zot
 68412 | Lair:2   | Learned a level 8 spell: Necromutation
 68574 | Depths:1 | Entered Level 1 of the Depths
 68634 | Depths:1 | Reached skill level 1 in Transmutations
 69373 | Depths:1 | Found a gateway to Hell.
 69734 | Depths:2 | Found a gateway to a ziggurat.
 69843 | Depths:2 | Reached skill level 5 in Transmutations
 69886 | Depths:2 | Reached XP level 23. HP: 136/136 MP: 4/48
 70309 | Depths:2 | Found a one-way gate to the infinite horrors of the Abyss.
 70945 | Depths:3 | Found a magical portal.
 71009 | WizLab   | Entered The Roulette of Golubria
 71077 | WizLab   | Found a corrupted altar of Lugonu.
 71083 | WizLab   | Found a corrupted altar of Lugonu.
 71220 | WizLab   | Identified Golubria's Handbook of the Traveller
 71293 | WizLab   | Noticed 8Hooves2Appendages's ghost (journeyman DDWn)
 71541 | WizLab   | Identified the Handbook of the Compass
 72228 | Depths:3 | Found a one-way gate leading to the halls of Pandemonium.
 72579 | Depths:3 | Got a slimy dagger
 72580 | Depths:3 | Identified the +2 dagger "Noolliu" {flame, *Contam MR+ Int+7 SInv} (You found it on level 3 of the Depths)
 72600 | Depths:3 | Noticed a caustic shrike
 72603 | Depths:3 | Killed a caustic shrike
 72603 | Depths:3 | Reached skill level 10 in Transmutations
 72605 | Depths:3 | Gained mutation: You are clumsy. (Dex -2) [mutagenic glow]
 75148 | Depths:4 | Noticed Xtahua
 75227 | Depths:4 | Reached XP level 24. HP: 142/142 MP: 48/48
 75738 | Depths:4 | Killed Xtahua
 75924 | Depths:4 | Found a roughly hewn altar of Beogh.
 76020 | Depths:5 | Entered Level 5 of the Depths
 77183 | Depths:5 | Found a glowing golden altar of the Shining One.
 77183 | Depths:5 | Found a white marble altar of Elyvilon.
 77231 | Depths:5 | Found a glowing silver altar of Zin.
 77345 | Depths:5 | Found a gate to the Realm of Zot.
 78284 | Lair:2   | Learned a level 2 spell: Blink
 78592 | Vaults:5 | Entered Level 5 of the Vaults
 79045 | Vaults:4 | Reached XP level 25. HP: 83/148 MP: 11/48
 79650 | Vaults:5 | Noticed an ancient lich
 79776 | Vaults:5 | Killed an ancient lich
 82365 | Vaults:5 | Got a shimmering dagger
 82366 | Vaults:5 | Identified the +2 dagger of Evolution {venom, rF+} (You found it on level 5 of the Vaults)
 82407 | Vaults:5 | Got a silver rune of Zot
 82671 | Vaults:5 | Got a smoking jade ring
 82688 | Vaults:5 | Identified the ring "Qoodann" {rCorr rElec} (You found it on level 5 of the Vaults)
 83674 | Slime:1  | Entered Level 1 of the Pits of Slime
 84683 | Slime:5  | Reached XP level 26. HP: 130/154 MP: 51/51
 85046 | Slime:6  | Entered Level 6 of the Pits of Slime
 85278 | Slime:6  | Noticed the Royal Jelly
 85282 | Slime:6  | Killed the Royal Jelly
 86109 | Slime:6  | Got a slimy rune of Zot
 86184 | Slime:6  | Identified a +3 rod of clouds (10/10) (You found it on level 6 of the Pits of Slime)
 87384 | Depths:2 | Voluntarily entered the Abyss.
 87384 | Abyss:1  | Found a corrupted altar of Lugonu.
 87512 | Abyss:1  | Found a snail-covered altar of Cheibriados.
 87578 | Depths:2 | Escaped the Abyss
 87647 | Depths:2 | Voluntarily entered the Abyss.
 88069 | Abyss:2  | Found a corrupted altar of Lugonu.
 88885 | Depths:2 | Escaped the Abyss
 89436 | Crypt:1  | Entered Level 1 of the Crypt
 89778 | Crypt:1  | Reached skill level 1 in Evocations
 90518 | Crypt:2  | Reached skill level 5 in Evocations
 91308 | Crypt:2  | Found an ancient bone altar of Kikubaaqudgha.
 91545 | Crypt:3  | Entered Level 3 of the Crypt
 91545 | Crypt:3  | Found a staircase to the Tomb.
 91700 | Crypt:3  | Reached XP level 27. HP: 153/153 MP: 29/53
 91807 | Crypt:3  | Got a scorched brass ring
 91809 | Crypt:3  | Identified the ring of Surprise {+Fly MP+9} (You found it on level 3 of the Crypt)
 91844 | Crypt:3  | Reached skill level 10 in Evocations
 93302 | Crypt:3  | Identified Kihogige's Disquisition on Darkness
 93870 | Tomb:1   | Entered Level 1 of the Tomb of the Ancients
 94539 | Tomb:1   | Noticed a greater mummy
 94541 | Tomb:1   | Killed a greater mummy
 95134 | Tomb:1   | Noticed a greater mummy
 95137 | Tomb:1   | Killed a greater mummy
 95317 | Tomb:2   | Noticed a greater mummy
 95318 | Tomb:2   | Noticed a greater mummy
 95318 | Tomb:2   | Noticed a greater mummy
 95318 | Tomb:2   | Noticed a greater mummy
 95420 | Tomb:1   | Killed a greater mummy
 95420 | Tomb:1   | Reached skill level 15 in Fighting
 95484 | Tomb:1   | Killed a greater mummy
 95601 | Tomb:1   | Noticed a greater mummy
 95603 | Tomb:1   | Killed a greater mummy
 95712 | Tomb:2   | Killed a greater mummy
 96007 | Tomb:2   | Killed a greater mummy
 96695 | Tomb:1   | Noticed a greater mummy
 96696 | Tomb:1   | Noticed a greater mummy
 96696 | Tomb:1   | Killed a greater mummy
 96699 | Tomb:1   | Killed a greater mummy
 96701 | Tomb:1   | Noticed a greater mummy
 96792 | Tomb:1   | Noticed a greater mummy
 96792 | Tomb:1   | Killed a greater mummy
 96794 | Tomb:1   | Killed a greater mummy
 96796 | Tomb:1   | Noticed a greater mummy
 96899 | Tomb:1   | Noticed a greater mummy
 96902 | Tomb:1   | Noticed a greater mummy
 96902 | Tomb:1   | Noticed a greater mummy
 96902 | Tomb:1   | Killed a greater mummy
 96903 | Tomb:1   | Killed a greater mummy
 96904 | Tomb:1   | Noticed a greater mummy
 96904 | Tomb:1   | Killed a greater mummy
 96907 | Tomb:1   | Killed a greater mummy
 96908 | Tomb:1   | Noticed a greater mummy
 96912 | Tomb:1   | Killed a greater mummy
 96920 | Tomb:2   | Killed a greater mummy
 97099 | Tomb:1   | Noticed a greater mummy
 97102 | Tomb:1   | Killed a greater mummy
 97178 | Tomb:1   | Noticed a greater mummy
 97182 | Tomb:1   | Killed a greater mummy
 97192 | Tomb:1   | Noticed a greater mummy
 97210 | Tomb:1   | Killed a greater mummy
 97371 | Tomb:1   | Noticed a greater mummy
 97374 | Tomb:1   | Killed a greater mummy
 97564 | Tomb:1   | Noticed a greater mummy
 97568 | Tomb:1   | Killed a greater mummy
 97976 | Tomb:3   | Entered Level 3 of the Tomb of the Ancients
 97984 | Tomb:3   | Noticed a greater mummy
 97987 | Tomb:3   | Killed a greater mummy
 98128 | Tomb:3   | Noticed a greater mummy
 98129 | Tomb:3   | Killed a greater mummy
 98131 | Tomb:3   | Noticed a greater mummy
 98131 | Tomb:3   | Noticed a greater mummy
 98132 | Tomb:3   | Killed a greater mummy
 98132 | Tomb:3   | Killed a greater mummy
 98158 | Tomb:3   | Noticed a greater mummy
 98165 | Tomb:3   | Killed a greater mummy
 98704 | Tomb:3   | Noticed a greater mummy
 98705 | Tomb:3   | Noticed a greater mummy
 98707 | Tomb:3   | Killed a greater mummy
 98708 | Tomb:3   | Killed a greater mummy
 98719 | Tomb:3   | Noticed a greater mummy
 98746 | Tomb:3   | Killed a greater mummy
 99250 | Tomb:3   | Identified the Volume of Twisted Stones
 99336 | Tomb:3   | Noticed a greater mummy
 99338 | Tomb:3   | Killed a greater mummy
 99385 | Tomb:3   | Got a golden rune of Zot
 99529 | Tomb:3   | Identified the Almanac of Orientation and Beguiling
 99545 | Tomb:3   | Got a shimmering cloak
 99546 | Tomb:3   | Identified the +1 cloak of Suitzul {rN+ Dex+7} (You found it on level 3 of the Tomb of the Ancients)
 99551 | Tomb:3   | Got a twisted morningstar
 99552 | Tomb:3   | Identified the +6 morningstar of the Assorted Lies {venom, rElec MR- Dex+5 SInv} (You found it on level 3 of the Tomb of the Ancients)
 99589 | Tomb:3   | Got a bloodstained scale mail
 99591 | Tomb:3   | Identified the +2 scale mail "Afokomoad" {rF+ Stlth+} (You found it on level 3 of the Tomb of the Ancients)
 99659 | Tomb:3   | Got a distressingly furry chain mail
 99670 | Tomb:3   | Identified the +8 chain mail of the Nine Beggars {*Contam +Inv Regen+ Dex+3} (You found it on level 3 of the Tomb of the Ancients)
 99721 | Tomb:3   | Identified a scroll of acquirement
100593 | Depths:2 | Voluntarily entered the Abyss.
100593 | Abyss:1  | Found a corrupted altar of Lugonu.
101085 | Depths:2 | Escaped the Abyss
101237 | Hell     | Entered the Vestibule of Hell
101237 | Hell     | Noticed Geryon
101241 | Hell     | Reached skill level 1 in Staves
101242 | Hell     | Killed Geryon
101662 | Zot:1    | Entered Level 1 of the Realm of Zot
101672 | Zot:1    | Reached skill level 5 in Staves
101692 | Zot:1    | Noticed an orb of fire
102276 | Depths:2 | Voluntarily entered the Abyss.
102288 | Abyss:1  | Found a blossoming altar of Fedhas.
102315 | Abyss:1  | Found a corrupted altar of Lugonu.
102379 | Abyss:3  | Found a corrupted altar of Lugonu.
103159 | Abyss:3  | Found a corrupted altar of Lugonu.
103182 | Abyss:3  | Found a basalt altar of Yredelemnul.
103537 | Abyss:3  | Reached skill level 10 in Staves
103564 | Abyss:3  | Killed from afar by a Hell Sentinel

Skill      XL: |  1  2  3  4  5  6  7  8  9 10 11 12 13 14 15 16 17 18 19 20 21 22 23 24 25 26 27 |
---------------+----------------------------------------------------------------------------------+-----
Conjurations   | 2 3 4 5 6 9 12 14 16 18 20 21 22 24 | 24.3
Dodging        | 3 5 10 12 16 17 18 23 | 23.3
Fire Magic     | 4 5 6 9 10 13 15 16 18 19 21 | 21.7
Spellcasting   | 6 9 12 15 17 19 22 24 | 24.2
Charms         | 7 11 | 11.4
Fighting       | 7 9 12 13 15 | 15.3
Stealth        | 8 |  8.3
Necromancy     | 12 16 19 21 | 21.3
Air Magic      | 6 |  6.3
Transmutations | 5 11 14 | 14.7
Evocations     | 9 11 | 11.0
Staves         | 10 | 10.1

Action                   |  1- 3 |  4- 6 |  7- 9 | 10-12 | 13-15 | 16-18 | 19-21 | 22-24 | 25-27 || total
-------------------------+-------+-------+-------+-------+-------+-------+-------+-------+-------++-------
Melee: Unarmed           |     9 |       |       |       |       |       |       |       |       ||     9
       Dagger            |       |       |    54 |       |       |       |       |       |       ||    54
       Quarterstaff      |       |       |       |   226 |   252 |       |       |       |   146 ||   624
       Staff             |       |       |       |       |     6 |    16 |     5 |     5 |    23 ||    55
       Kick              |       |       |       |       |       |       |       |       |    25 ||    25
 Cast: Flame Tongue      |    65 |   128 |   219 |   491 |   255 |    13 |     9 |       |       ||  1180
       Sticky Flame      |       |     1 |    25 |    84 |    82 |    28 |    16 |     2 |    10 ||   248
       Conjure Flame     |       |     1 |     9 |    23 |     2 |     3 |       |       |       ||    38
       Fireball          |       |       |     2 |    62 |   526 |   424 |   134 |    86 |    54 ||  1288
       Iskenderun's Batt |       |       |       |     3 |     4 |       |       |       |       ||     7
       Delayed Fireball  |       |       |       |       |     8 |     7 |     2 |     1 |       ||    18
       Bolt of Fire      |       |       |       |       |    36 |    99 |   442 |   628 |  1062 ||  2267
       Orb of Destructio |       |       |       |       |    16 |    95 |    11 |    78 |    77 ||   277
       Haste             |       |       |       |       |       |     2 |     1 |     3 |     3 ||     9
       Fire Storm        |       |       |       |       |       |       |    26 |    76 |   228 ||   330
       Cigotuvi's Embrac |       |       |       |       |       |       |     9 |    31 |    10 ||    50
       Deflect Missiles  |       |       |       |       |       |       |       |     3 |     2 ||     5
       Necromutation     |       |       |       |       |       |       |       |    12 |   269 ||   281
       Blink             |       |       |       |       |       |       |       |     2 |     1 ||     3
 Abil: Release Delayed F |       |       |       |       |     7 |     7 |     2 |       |       ||    16
       End Transformatio |       |       |       |       |       |       |       |       |     2 ||     2
Evoke: Wand              |       |       |       |       |     1 |     3 |       |     1 |     2 ||     7
       Staff of energy   |       |       |       |       |       |       |       |       |   378 ||   378
       Crystal ball of e |       |       |       |       |       |       |       |       |     1 ||     1
  Use: Scroll            |       |     8 |     5 |    13 |     8 |     8 |     6 |    14 |    18 ||    80
       Potion            |       |       |       |     1 |     3 |     1 |     1 |       |       ||     6
 Stab: Sleeping          |       |       |       |       |     1 |       |       |       |       ||     1
       Distracted        |       |       |       |       |       |       |       |       |     1 ||     1
  Eat: Chunk             |     1 |    10 |    19 |    31 |    56 |    34 |    38 |    55 |     9 ||   253
       Fruit             |       |       |       |     5 |     4 |       |     3 |     3 |       ||    15
       Meat ration       |       |       |       |     2 |       |     1 |       |       |       ||     3
       Bread ration      |       |       |       |     2 |     1 |     4 |     1 |       |       ||     8
Armor: Robe              |     6 |       |       |       |       |       |       |       |       ||     6
       Leather armour    |     5 |     3 |    15 |    71 |    55 |    19 |    10 |    50 |   196 ||   424
Dodge: Dodged            |    28 |    14 |    88 |   338 |   314 |   103 |    71 |   170 |   848 ||  1974
       Deflected         |       |       |       |       |       |       |       |    28 |    36 ||    64
Block: Other             |       |     5 |       |    80 |    35 |       |       |    34 |     3 ||   157
       Reflection        |       |     1 |     2 |     7 |       |       |       |       |       ||    10
       Buckler           |       |       |    56 |       |       |       |       |       |       ||    56
